 Dungeon Crawl Stone Soup version 0.28.0-62-gf88900778d (webtiles) character file.

Game seed: 16120749859452358931

130150 cbfl8 the Severer (level 16, -4/125 HPs)
             Began as a Demonspawn Berserker on July 2, 2023.
             Was the Champion of Trog.
             Slain by a bog body (13 damage)
             ... on level 1 of the Swamp.
             The game lasted 00:44:47 (42352 turns).

cbfl8 the Severer (Demonspawn Berserker)           Turns: 42352, Time: 00:44:47

Health: -4/125     AC: 23    Str: 29    XL:     16   Next: 52%
Magic:  0/16       EV: 15    Int: 16    God:    Trog [******]
Gold:   3310       SH:  5    Dex: 30    Spells: 15/15 levels left

rFire   + . .      SeeInvis .   f - +7 executioner's axe of Vanity {speed, rN+ rCorr Dex-2}
rCold   . . .      Faith    .   (shield currently unavailable)
rNeg    + + .      Spirit   +   u - +1 pearl dragon scales
rPois   +          Reflect  +   (no helmet)
rElec   +          Harm     .   G - scarf {rC+ rF+}
rCorr   +          Rampage  +   b - +0 pair of gloves "Nuah" {Will- Str+10}
Will    .....                   a - +2 pair of boots {rampage}
Stlth   +++.......              e - amulet of reflection
HPRegen 0.30/turn               v - ring of the Invisible Hand {rElec rPois rC- Dex+6 Stlth+}
MPRegen 0.30/turn               I - ring "Ginwiar" {Contam rElec Int+6 Dex+8 Slay+3}

@: studying Shields, very slow
A: claws 2, molten scales 2, demonic guardian 2, magic shield, magic
regeneration, magic link
a: Renounce Religion, Berserk, Trog's Hand, Brothers in Arms


You were on level 1 of the Swamp.
You worshipped Trog.
Trog was exalted by your worship.
You visited 5 branches of the dungeon, and saw 26 of its levels.
You also visited: Bailey and Gauntlet.

You collected 4118 gold pieces.
You spent 808 gold pieces at shops.

Inventory:

Hand Weapons
 f - the +7 executioner's axe of Vanity (weapon) {speed, rN+ rCorr Dex-2}
   (You acquired it on level 8 of the Dungeon)

   Attacks with this weapon are significantly faster.
   Dex:       It affects your dexterity (-2).
   rN:        It protects you from negative energy.
   rCorr:     It protects you from acid and corrosion.
 H - a +6 executioner's axe of flaming
 N - a +5 vorpal broad axe
Armour
 a - a +2 pair of boots of rampaging (worn)
 b - the +0 pair of gloves "Nuah" (worn) {Will- Str+10}
   (You found it in a Gauntlet)

   Str:       It affects your strength (+10).
   Will:      It decreases your willpower.
 u - +1 pearl dragon scales (worn)
 G - a scarf of resistance (worn)
Jewellery
 e - an amulet of reflection (around neck)
 v - the ring of the Invisible Hand (left hand) {rElec rPois rC- Dex+6 Stlth+}
   (You acquired it on level 3 of the Lair of Beasts)

   [ring of dexterity]

   Dex:       It affects your dexterity (+6).
   rC:        It makes you vulnerable to cold.
   rElec:     It insulates you from electricity.
   rPois:     It protects you from poison.
   Stlth:     It makes you more stealthy.
 I - the ring "Ginwiar" (right hand) {Contam rElec Int+6 Dex+8 Slay+3}
   (You found it on level 14 of the Dungeon)

   [ring of intelligence]

   Int:       It affects your intelligence (+6).
   Dex:       It affects your dexterity (+8).
   Slay:      It affects your accuracy & damage with ranged weapons and melee
   (+3).
   rElec:     It insulates you from electricity.
   Contam:    It causes magical contamination when unequipped.
Wands
 i - a wand of mindburst (5) (quivered)
 o - a wand of charming (7)
 r - a wand of digging (11)
 w - a wand of flame (9)
 y - a wand of iceblast (15)
 K - a wand of paralysis (2)
 L - a wand of acid (4)
 M - a wand of polymorph (10)
Scrolls
 d - 5 scrolls of fog
 g - 2 scrolls of silence
 h - 3 scrolls of fear
 q - 6 scrolls of teleportation
 t - 2 scrolls of magic mapping
 J - a scroll of enchant armour
Potions
 c - 3 potions of flight
 j - a potion of invisibility {unknown}
 k - a potion of magic
 l - 2 potions of heal wounds
 m - 13 potions of curing
 n - 5 potions of might
 z - 2 potions of berserk rage {unknown}
 A - 3 potions of haste
 B - a potion of experience {unknown}
 C - a potion of resistance
 D - 2 potions of cancellation
 E - 2 potions of mutation {unknown}
Miscellaneous
 s - a lightning rod (4/4)
 F - a piece from Xom's chessboard (15/15)


   Skills:
 + Level 11.0 Fighting
 + Level 19.3 Axes
 + Level 10.1 Armour
 + Level 5.4 Dodging
 * Level 12.8 Stealth
 + Level 1.8 Shields
 * Level 12.5 Evocations


You had 15 spell levels left.
You didn't know any spells.
Your spell library was empty.

Dungeon Overview and Level Annotations

Branches:
Dungeon (15/15)            Temple (0/1) D:4            Lair (6/6) D:9
  Swamp (2/4) Lair:3       Spider (0/4) Lair:3        Slime (0/5) Lair:5
    Orc (2/2) D:10            Elf (1/3) Orc:2        Vaults (0/5) D:13
 Depths (0/4) D:15         Bailey (visited)         Gauntlet (visited)

Altars:
Zin
The Shining One
Jiyva

Shops:
D:10 *   Orc:2 *=*[!

Annotations:
D:11 1 runed translucent door, Rudyous's ghost, journeyman MiBe
D:15 2 runed translucent doors, Vuovab's ghost, journeyman DsIE


Innate Abilities, Weirdness & Mutations

You have very sharp fingernails.
You are mostly covered in molten scales. (AC +3)
A demonic guardian rushes to your aid.
When hurt, damage is shared between your health and your magic reserves.
You regenerate magic rapidly.
When low on magic, you restore magic in place of health.


Message History

The bog body is lightly damaged.
The swamp worm fires a harpoon shot at you.
The harpoon shot hits your ice devil!
Your ice devil hits the swamp worm.
Your ice devil freezes the swamp worm!
Unknown command.
You slice the bog body!!
The bog body is almost destroyed.
The bog body casts a spell at you. The bolt of cold hits you!!
The swamp worm barely misses your ice devil.
Unknown command.
You are too injured to fight recklessly!
Unknown command.
You are too injured to fight recklessly!
Unknown command.
You are too injured to fight recklessly!
You closely miss the bog body.
The bog body is severely damaged.
You are engulfed in freezing vapours.
Your ice devil splashes around in the water.
The bog body gestures at you while chanting.
The bolt of cold misses you.
The swamp worm fires a harpoon shot at you.
The harpoon shot misses your ice devil. The harpoon shot hits you!
* * * LOW HITPOINT WARNING * * *
You are yanked forward by the harpoon shot.
You collide with your ice devil!
Your ice devil is severely wounded.
* * * LOW HITPOINT WARNING * * *
Splash!
Okay, then.
You feel much better.
You are engulfed in freezing vapours.
* * * LOW HITPOINT WARNING * * *
The swamp worm fires a harpoon shot at you.
The harpoon shot hits your ice devil!
Your ice devil barely misses the swamp worm.
The bog body touches you.
* * * LOW HITPOINT WARNING * * *
The bog body freezes you!
You die...

♣...♣§♣....≈..≈≈≈..≈≈≈♣
♣♣♣..♣♣♣♣♣♣♣♣§≈≈≈≈.≈≈≈♣
♣≈≈♣♣ ♣♣≈≈≈≈≈§§.♣
♣♣...♣♣ ♣♣♣.≈≈§≈..
♣≈....♣♣♣♣ ♣.≈≈≈≈..
♣♣♣♣.°...♣ ♣♣≈...♣.
♣♣♣......♣♣ ♣♣♣≈...[..
♣≈...°≈..§♣♣♣.....≈≈..
♣♣≈.≈@4w...♣...≈.≈≈≈..
♣♣≈(n♣♣≈..........≈.≈
♣≈.≈≈.♣ ....≈≈....♣♣♣.
♣..≈≈§♣ ≈≈≈≈≈≈≈... ..
♣♣≈.≈.. ≈≈≈≈≈≈(≈≈ .≈
♣♣.... ≈≈≈≈≈≈≈≈ .♣
♣.... ≈≈.≈≈ ≈♣ ♣.....


You could see a bog body, a swamp worm (ally target) and a friendly ice devil
(summoned).

Vanquished Creatures
  Roxanne (D:14)
  Agnes (D:14)
  A ghoul (D:14)
  3 entropy weavers (Lair:4)
  A minotaur (Gauntlet)
  2 bunyips (Swamp:1)
  An ettin (Orc:1)
  Snorg (Lair:6)
  Josephine (D:11)
  A boulder beetle (D:12)
  4 vault guards (D:13)
  3 catoblepae
  11 hydras
  Harold (D:7)
  An ogre mage (D:13)
  Erica (D:11)
  A tengu warrior (D:14)
  6 two-headed ogres
  4 ghost crabs (Lair:4)
  3 alligators (Swamp:1)
  6 centaur warriors
  A death knight (D:14)
  12 death yaks
  A deep troll shaman (Lair:6)
  7 orc high priests
  A deep elf knight (Elf:1)
  A spriggan (Swamp:1)
  Nergalle (D:11)
  5 fire crabs (Lair:4)
  A sixfirhy (Gauntlet)
  A swamp dragon (Swamp:2)
  3 bog bodies (Swamp:1)
  A death drake (Swamp:1)
  3 wizards
  An obsidian statue (Gauntlet)
  A deep elf archer (Orc:2)
  A wolf spider zombie (D:15)
  A lindwurm (Lair:4)
  2 oklob plants
  A phantasmal warrior (D:14)
  12 ugly things
  2 manticores
  9 orc knights
  A necromancer (D:15)
  5 deep elf pyromancers
  A will-o-the-wisp (Swamp:2)
  2 cyclopes
  3 orc sorcerers
  16 elephants
  Maurice (D:13)
  An apocalypse crab (Lair:4)
  A naga mage (D:15)
  A torpor snail (Lair:3)
  A gargoyle (D:13)
  6 black mambas
  6 cane toads
  8 komodo dragons
  A komodo dragon (shapeshifter) (D:14)
  2 tengu conjurers (D:15)
  5 trolls
  A bloated husk (Swamp:1)
  4 tyrant leeches (Swamp:1)
  5 meliai
  11 blink frogs
  4 hornets
  14 slime creatures
  7 dream sheep (Lair:6)
  A meliai zombie (D:14)
  9 wraiths
  An air elemental (Orc:2)
  A centaur simulacrum (D:15)
  A basilisk (D:12)
  4 shadows
  A spriggan (shapeshifter) (D:13)
  4 wyverns
  21 yaks
  Grum (D:9)
  18 vampire mosquitoes
  Menkaure (D:6)
  3 swamp worms (Swamp:1)
  2 wargs (Orc:1)
  A harpy simulacrum (D:15)
  An acid dragon (D:10)
  13 water moccasins
  Duvessa (D:7)
  An ice beast (D:5)
  A black bear (Lair:6)
  47 orc warriors
  A necrophage (D:4)
  9 ogres
  2 phantoms (D:10)
  24 wolves
  16 centaurs
  8 kobold brigands
  A wyvern zombie (D:8)
  A gnoll sergeant (D:8)
  6 bullfrogs
  3 scorpions
  A water moccasin zombie (D:6)
  Dowan (D:7)
  3 troll zombies
  7 killer bees
  An electric eel (Lair:3)
  A troll skeleton (Swamp:1)
  5 wights
  2 howler monkeys (D:14)
  12 centaur zombies
  7 jellies
  37 orc priests
  2 gnoll shamans
  4 hounds
  A bullfrog skeleton (D:7)
  3 iguanas
  3 centaur skeletons
  17 orc wizards
  7 ogre zombies (D:10)
  3 mummies (D:14)
  A howler monkey zombie (D:11)
  17 gnolls
  5 adders
  A shadow imp (D:5)
  4 ufetubi (Gauntlet)
  A worm (D:4)
  3 dart slugs
  92 orcs
  2 ball pythons (D:1)
  6 bats
  18 endoplasms
  4 giant cockroaches
  16 goblins
  8 hobgoblins
  4 jackals
  5 quokkas
  2 frilled lizards (D:2)
  2 goblin skeletons (D:10)
  3 goblin zombies (D:10)
  2 hobgoblin skeletons (D:10)
  2 hobgoblin zombies (D:10)
  20 kobolds
  4 orc skeletons (D:10)
  12 orc zombies (D:10)
  7 rats
791 creatures vanquished.

Vanquished Creatures (collateral kills)
  A hydra (D:12)
  An alligator (Swamp:1)
  4 death yaks
  A swamp dragon (Swamp:1)
  An ugly thing (D:14)
  An elephant (Lair:1)
  2 gargoyles
  A komodo dragon (D:9)
  A meliai (D:14)
  A slime creature (D:9)
  2 wraiths (D:11)
  A basilisk (D:13)
  4 yaks (D:9)
  2 vampire mosquitoes
  An orc warrior (Bailey)
  A wolf (D:9)
  A kobold brigand (Bailey)
  A jelly (D:4)
  An orc wizard (D:15)
  4 orcs
  A ball python (D:1)
  A giant cockroach (D:1)
  4 jackals (D:1)
  A rat (D:1)
39 creatures vanquished.

Vanquished Creatures (others)
  A bloated husk (Swamp:1)
  An orc priest (Orc:1)
  An orc (Orc:1)
  4 foxfires (Swamp:2)
  13 fungi
  20 plants
  11 withered plants (D:14)
51 creatures vanquished.

Grand Total: 881 creatures vanquished

Notes
Turn   | Place    | Note
-------+----------+-------------------------------------------
     0 | D:1      | cbfl8 the Demonspawn Berserker began the quest for the Orb.
     0 | D:1      | Reached XP level 1. HP: 18/18 MP: 1/1
   195 | D:1      | Gained mutation: A weak demonic guardian rushes to your
                  | aid. [demonic ancestry]
   195 | D:1      | Reached XP level 2. HP: 19/24 MP: 2/2
   204 | D:1      | Reached skill level 3 in Axes
   511 | D:1      | Found a faded altar of an unknown god.
   864 | D:1      | Gained mutation: You are partially covered in molten
                  | scales. (AC +2) [demonic ancestry]
   864 | D:1      | Reached XP level 3. HP: 17/29 MP: 3/3
  1137 | D:1      | Reached ** piety under Trog
  1452 | D:2      | Reached skill level 1 in Stealth
  1815 | D:2      | Reached skill level 1 in Evocations
  1897 | D:2      | Reached XP level 4. HP: 35/35 MP: 4/4
  3320 | D:4      | HP: 1/35 [acid (9)]
  3321 | D:4      | Reached skill level 4 in Axes
  3321 | D:4      | Reached XP level 5. HP: 2/41 MP: 5/5
  3940 | D:4      | Noticed an ogre
  3948 | D:4      | Killed an ogre
  4245 | D:4      | Gained mutation: You have sharp fingernails. [demonic
                  | ancestry]
  4245 | D:4      | Reached XP level 6. HP: 48/48 MP: 6/6
  5063 | D:4      | Found a staircase to the Ecumenical Temple.
  5365 | D:5      | Entered Level 5 of the Dungeon
  5365 | D:5      | Noticed an ice beast
  5375 | D:5      | Killed an ice beast
  5376 | D:5      | Gained mutation: You regenerate magic rapidly. [demonic
                  | ancestry]
  5376 | D:5      | Reached XP level 7. HP: 53/53 MP: 7/7
  5539 | D:5      | Reached skill level 5 in Axes
  6167 | D:5      | Noticed a wyvern
  6179 | D:5      | Reached XP level 8. HP: 14/61 MP: 8/8
  6180 | D:5      | HP: 4/91 [wyvern (1)]
  6181 | D:5      | Reached *** piety under Trog
  6182 | D:5      | HP: 1/91 [gnoll/+0 spear (3)]
  7858 | D:6      | Noticed Menkaure
  7870 | D:6      | Killed Menkaure
  7935 | D:6      | Reached skill level 6 in Axes
  7976 | D:6      | Reached skill level 5 in Fighting
  8564 | D:6      | Reached skill level 5 in Armour
  8690 | D:6      | Gained mutation: You are mostly covered in molten scales.
                  | (AC +3) [demonic ancestry]
  8690 | D:6      | Reached XP level 9. HP: 67/68 MP: 9/9
  9656 | D:7      | Reached skill level 5 in Evocations
  9696 | D:7      | Noticed Dowan
  9697 | D:7      | Noticed Duvessa
  9708 | D:7      | Killed Duvessa
  9717 | D:7      | Killed Dowan
  9952 | D:7      | Reached skill level 7 in Axes
 10081 | D:7      | Noticed Harold
 10094 | D:7      | Killed Harold
 10095 | D:7      | Reached skill level 5 in Stealth
 10367 | D:8      | Identified 2 scrolls of acquirement
 10367 | D:8      | Acquired 888 gold pieces
 10369 | D:8      | Acquired the +7 executioner's axe of Vanity {speed, rN+
                  | rCorr Dex-2}
 10624 | D:8      | Found a flagged portal.
 10644 | Bailey   | Entered a bailey
 10687 | Bailey   | Reached **** piety under Trog
 10696 | Bailey   | Noticed an orc knight
 10708 | Bailey   | Gained mutation: A demonic guardian rushes to your aid.
                  | [demonic ancestry]
 10708 | Bailey   | Reached XP level 10. HP: 67/76 MP: 10/10
 10715 | Bailey   | Killed an orc knight
 10716 | Bailey   | Reached skill level 8 in Axes
 10951 | Bailey   | Noticed an orc knight
 10970 | Bailey   | Killed an orc knight
 11146 | Bailey   | Found a burning altar of Makhleb.
 11826 | D:9      | Found a staircase to the Lair.
 11845 | D:9      | Noticed a two-headed ogre
 11853 | D:9      | Killed a two-headed ogre
 11854 | D:9      | Reached skill level 9 in Axes
 12462 | D:9      | Reached XP level 11. HP: 50/83 MP: 11/11
 12762 | D:9      | Noticed Grum
 12772 | D:9      | Killed Grum
 13322 | D:9      | Reached skill level 10 in Axes
 13454 | D:10     | Entered Level 10 of the Dungeon
 13454 | D:10     | Found Seufoh's Elemental Accessories.
 14102 | D:9      | Found a staircase to the Lair.
 14906 | D:10     | Found a staircase to the Orcish Mines.
 15207 | D:10     | Reached ***** piety under Trog
 15501 | D:10     | Identified the ring "Tetomm" {rC+ Will+ Int+6 Dex-4}
 15694 | D:11     | Noticed Erica
 15701 | D:11     | Killed Erica
 15862 | D:11     | Reached skill level 11 in Axes
 16332 | D:11     | Found a runed translucent door.
 16450 | D:11     | Noticed a two-headed ogre
 16460 | D:11     | Killed a two-headed ogre
 16576 | D:11     | Noticed Rudyous's ghost (journeyman MiBe)
 16609 | D:11     | Gained mutation: When hurt, damage is shared between your
                  | health and your magic reserves. [demonic ancestry]
 16609 | D:11     | Reached XP level 12. HP: 72/91 MP: 12/12
 16671 | D:11     | Noticed Josephine
 16676 | D:11     | Noticed a two-headed ogre
 16683 | D:11     | Killed Josephine
 16686 | D:11     | Killed a two-headed ogre
 16854 | D:11     | Noticed Nergalle
 16869 | D:11     | Killed Nergalle
 17390 | D:11     | Reached skill level 12 in Axes
 17628 | D:12     | Noticed a four-headed hydra
 17636 | D:12     | Killed a six-headed hydra
 17894 | D:12     | Noticed an eight-headed hydra
 17961 | D:11     | Killed an 11-headed hydra
 18334 | D:12     | Found a transporter.
 18334 | D:12     | Found a transporter.
 18334 | D:12     | Noticed a boulder beetle
 18643 | D:12     | Killed a boulder beetle
 18753 | D:13     | Noticed Maurice
 18768 | D:13     | Killed Maurice
 19017 | D:13     | Noticed a centaur warrior
 19020 | D:13     | Noticed a two-headed ogre
 19026 | D:13     | Killed a two-headed ogre
 19065 | D:13     | Killed a centaur warrior
 19400 | D:13     | Noticed a vault guard
 19801 | D:13     | Noticed a centaur warrior
 19813 | D:13     | Killed a centaur warrior
 19836 | D:13     | Gained mutation: When low on magic, you restore magic in
                  | place of health. [demonic ancestry]
 19836 | D:13     | Reached XP level 13. HP: 38/98 MP: 6/13
 20334 | D:13     | Reached skill level 13 in Axes
 20620 | D:14     | Received a gift from Trog
 21091 | D:13     | Found a gate to the Vaults.
 21757 | D:14     | Identified Roxanne's Guide on Clay
 21757 | D:14     | Noticed Roxanne
 21777 | D:14     | Killed Roxanne
 22564 | D:14     | Noticed Agnes
 22859 | D:14     | HP: 7/148 [Agnes/+2 lajatang of speed (13)]
 22860 | D:14     | HP: 1/148 [Agnes/+2 lajatang of speed (6)]
 24034 | D:14     | Noticed a ghoul
 24048 | D:14     | Killed a ghoul
 24063 | D:15     | Entered Level 15 of the Dungeon
 24881 | D:15     | Found a runed translucent door.
 24890 | D:15     | Reached skill level 14 in Axes
 24991 | D:15     | Found a staircase to the Depths.
 25453 | D:15     | Reached skill level 10 in Evocations
 25779 | D:15     | Noticed Vuovab's ghost (journeyman DsIE)
 25817 | D:15     | Noticed a tengu reaver
 25818 | D:15     | Noticed an iron dragon
 25818 | D:15     | Noticed a lich
 25838 | D:15     | Reached skill level 10 in Stealth
 25842 | D:15     | Reached XP level 14. HP: 108/108 MP: 12/14
 25967 | D:15     | Found a runed translucent door.
 27713 | D:14     | Identified the ring "Ginwiar" {Contam rElec Int+6 Dex+8
                  | Slay+3}
 28060 | D:14     | Killed Agnes
 28624 | Lair:1   | Entered Level 1 of the Lair of Beasts
 28840 | Lair:1   | Reached skill level 15 in Axes
 30350 | Lair:3   | Found a staircase to the Swamp.
 32245 | Lair:3   | Found a hole to the Spider Nest.
 32343 | Lair:3   | Acquired the ring of the Invisible Hand {rElec rPois rC-
                  | Dex+6 Stlth+}
 32425 | Lair:4   | Acquired a manual of Axes
 32461 | Lair:4   | Found a runed translucent door.
 33357 | Lair:4   | Reached XP level 15. HP: 115/115 MP: 15/15
 33571 | Lair:4   | Reached skill level 16 in Axes
 33649 | Lair:4   | Reached skill level 10 in Fighting
 33760 | Lair:5   | Reached skill level 5 in Dodging
 33815 | Lair:5   | Found a gate leading to a gauntlet.
 33823 | Lair:5   | Received a gift from Trog
 33829 | Gauntlet | Entered a Gauntlet
 33829 | Gauntlet | Found a transporter.
 33829 | Gauntlet | Found a transporter.
 33921 | Gauntlet | Found a transporter.
 33933 | Gauntlet | Found a transporter.
 33950 | Gauntlet | Found a transporter.
 33950 | Gauntlet | Found a transporter.
 33950 | Gauntlet | Found a transporter.
 33952 | Gauntlet | Found a transporter.
 33952 | Gauntlet | Found a transporter.
 33966 | Gauntlet | Found a transporter.
 33982 | Gauntlet | Found a transporter.
 33985 | Gauntlet | Noticed an azure jelly
 33986 | Gauntlet | an azure jelly changed into a catoblepas
 33991 | Gauntlet | Noticed a quicksilver dragon
 33991 | Gauntlet | a catoblepas changed into a quicksilver dragon
 33997 | Gauntlet | Found a transporter.
 34000 | Gauntlet | Found a transporter.
 34031 | Gauntlet | Found a transporter.
 34153 | Gauntlet | Noticed a fire giant
 34159 | Gauntlet | Noticed an azure jelly
 34159 | Gauntlet | a fire giant changed into an azure jelly
 34162 | Gauntlet | Noticed a storm dragon
 34162 | Gauntlet | an azure jelly changed into a storm dragon
 34166 | Gauntlet | Noticed a storm dragon
 34166 | Gauntlet | a death yak changed into a storm dragon
 34173 | Gauntlet | a storm dragon changed into a quicksilver ooze
 34484 | Gauntlet | Noticed a storm dragon
 34484 | Gauntlet | a catoblepas changed into a storm dragon
 34501 | Gauntlet | Identified the +0 pair of gloves "Nuah" {Will- Str+10}
 35225 | Lair:5   | Found a viscous altar of Jiyva.
 35225 | Lair:5   | Found a staircase to the Slime Pits.
 35248 | Lair:5   | Reached skill level 17 in Axes
 35323 | Lair:5   | Reached skill level 1 in Shields
 35530 | Lair:6   | Entered Level 6 of the Lair of Beasts
 35634 | Lair:6   | Noticed Snorg
 35645 | Lair:6   | Killed Snorg
 36564 | Lair:6   | Reached skill level 10 in Armour
 37377 | Lair:6   | Reached skill level 18 in Axes
 37635 | Orc:1    | Entered Level 1 of the Orcish Mines
 37948 | Orc:1    | Gained mutation: You have very sharp fingernails. [demonic
                  | ancestry]
 37948 | Orc:1    | Reached XP level 16. HP: 124/124 MP: 12/16
 37958 | Orc:1    | Received a gift from Trog
 38360 | Orc:2    | Entered Level 2 of the Orcish Mines
 38929 | Orc:2    | Found Obrodaoc's Gadget Gallery.
 39266 | Orc:2    | Found a staircase to the Elven Halls.
 39346 | Orc:2    | Reached ****** piety under Trog
 39385 | Orc:2    | Received a gift from Trog
 39999 | Orc:2    | Bought a wand of mindburst (8) for 132 gold pieces
 39999 | Orc:2    | Bought a wand of polymorph (2) for 44 gold pieces
 40046 | Orc:2    | Found Suvigaeqes's Jewellery Boutique.
 40049 | Orc:2    | Found Ydo Tipn's Armour Shop.
 40050 | Orc:2    | Found Ystraahum's Distillery.
 40051 | Orc:2    | Found Xiul's Assorted Antiques.
 40054 | Orc:2    | Bought a potion of curing for 48 gold pieces
 40054 | Orc:2    | Bought a potion of curing for 48 gold pieces
 40054 | Orc:2    | Bought a potion of heal wounds for 80 gold pieces
 40054 | Orc:2    | Bought a potion of curing for 48 gold pieces
 40054 | Orc:2    | Bought 2 potions of curing for 96 gold pieces
 40054 | Orc:2    | Bought a potion of flight for 48 gold pieces
 40054 | Orc:2    | Bought a potion of cancellation for 128 gold pieces
 40057 | Orc:2    | Bought a scroll of identify for 68 gold pieces
 40057 | Orc:2    | Bought a scroll of identify for 68 gold pieces
 40209 | Elf:1    | Entered Level 1 of the Elven Halls
 40210 | Elf:1    | Paralysed by an air elemental for 1 turns
 40575 | Elf:1    | Reached skill level 19 in Axes
 40759 | Swamp:1  | Entered Level 1 of the Swamp
 41858 | Swamp:1  | You fall into a shaft and drop 1 floor!
 42352 | Swamp:1  | Slain by a bog body

Illustrated notes

Levels and vault maps discovered:
D:1:      dpeg_arrival_lava_altar, layout_basic,
          shapermc_ecumenical_altar_notcrosses, minmay_surrounded
D:2:      kennysheep_the_goblin_king, layout_loops_cross
D:3:      layout_basic
D:4:      layout_loops_ring, tso_altar, minmay_temple_entry_from_below_a
D:5:      layout_layer_cave
D:6:      layout_loops_ring, uniq_menkaure
D:7:      layout_basic, st_stairs_4, uniq_duvessa, uniq_harold
D:8:      layout_rooms, enter_bailey_2
D:9:      layout_basic, david_lair_shrubbed, uniq_grum
D:10:     nicolae_BIG_FREAKIN_CUBE, layout_cave_pools, zombieorc2_lemuel,
          nicolae_elemental_shop, nrook_mini_vaults, due_unseen_surprise
D:11:     layout_stronghold, hellmonk_ghost_big_iron, uniq_josephine,
          uniq_erica, uniq_nergalle
D:12:     gammafunk_boulding_lane, layout_long_grid, serial_bayou_crossing
D:13:     layout_irregular_city, grunt_vaults_entry_fortified, uniq_maurice
D:14:     layout_loops_ring, serial_undead, serial_undead_f, serial_undead_a,
          serial_undead_d, serial_undead_c, serial_undead_c, serial_undead_b,
          serial_undead_e, uniq_agnes, uniq_roxanne
D:15:     grunt_enter_depths_magical_seal, layout_irregular_city,
          muffindrake_ghost_dual_entry, hangedman_glass_teeth
Lair:1:   layout_gridlike
Lair:2:   layout_roguey, st_stairs_12, chequers_serial_rivers_micro_e
Lair:3:   lemuel_slime, layout_loops_ring, swamp_mist, dummy_spider_entry,
          grunt_megastairs_4, serial_bayou_shore_a, infiniplex_staircase_pool_2
Lair:4:   gammafunk_mikee_crab_dinner, layout_gridlike
Lair:5:   layout_roguey, slime_altar_1, gauntlet_entry_generic,
          nicolae_quartered_pool_medium, beast_lair_carwin_3, grunt_megastairs_2
Lair:6:   grunt_lair_end_beastmaster, layout_gridlike, grunt_megastairs_5,
          uniq_snorg
Swamp:1:  layout_basic_swamp, infiniplex_staircase_pool,
          cheibrodos_swamp_minitomb
Swamp:2:  layout_falls_marsh, nicolae_swamp_stair_fork, grunt_hermit_hut
Orc:1:    layout_caves
Orc:2:    st_orc_pillars, layout_caves, nicolae_shop_gadgets
Elf:1:    nicolae_elf_arrival_fired_up, layout_loops_corners, orc_legates,
          corexii_checkpoint_a

Skill      XL: |  1  2  3  4  5  6  7  8  9 10 11 12 13 14 15 16 |
---------------+-------------------------------------------------+-----
Axes           | 3 4 5 6 7 9 11 12 14 15 18 19 | 19.3
Stealth        | 1 2 3 4 5 6 7 9 10 11 12 | 12.8
Dodging        | 2 3 4 5 |  5.4
Evocations     | 1 2 3 4 5 6 7 9 10 12 | 12.5
Armour         | 2 3 4 5 6 7 8 9 10 | 10.1
Fighting       | 4 5 6 7 8 9 10 11 | 11.0
Shields        | 1 |  1.8

Action                   |  1- 3 |  4- 6 |  7- 9 | 10-12 | 13-15 | 16-18 || total
-------------------------+-------+-------+-------+-------+-------+-------++-------
Melee: Hand axe          |   109 |   181 |   311 |       |       |       ||   601
       Punch             |     2 |     1 |     6 |       |       |       ||     9
       Executioner's axe |       |       |    48 |   470 |   886 |   330 ||  1734
Invok: Berserk           |     1 |     3 |    10 |     9 |    16 |     2 ||    41
       Brothers in Arms  |       |       |       |       |     2 |       ||     2
       Trog's Hand       |       |       |       |       |     2 |       ||     2
Evoke: Wand              |       |     3 |    12 |     5 |    15 |     4 ||    39
  Use: Scroll            |       |     8 |     9 |     5 |    18 |     2 ||    42
       Potion            |       |       |       |       |     4 |     1 ||     5
 Stab: Sleeping          |     2 |       |       |     4 |    32 |     7 ||    45
       Distracted        |       |       |       |     2 |     4 |     5 ||    11
       Paralysed         |       |       |       |     5 |     3 |     3 ||    11
Armor: Animal skin       |     6 |       |       |       |       |       ||     6
       Chain mail        |    49 |   109 |   214 |       |       |       ||   372
       Pearl dragon scal |       |       |    32 |   315 |   611 |   117 ||  1075
Dodge: Dodged            |    43 |    72 |   147 |   253 |   526 |   148 ||  1189
Block: Other             |       |       |       |       |    71 |    54 ||   125
       Reflection        |       |       |       |       |     1 |     3 ||     4
